 Dungeon Crawl Stone Soup version 0.30-a0-165-g1891117ce2 (webtiles) character file.

Game seed: 11396352886956398174

263 qw the Chopper (level 6, -9/38 HPs)
             Began as a Gargoyle Fighter on Sept 28, 2022.
             Mangled by an ogre
             ... wielding a +0 giant club
              (28 damage)
             ... on level 4 of the Dungeon.
             The game lasted 00:01:00 (3421 turns).

qw the Chopper (Gargoyle Fighter)                   Turns: 3421, Time: 00:01:01

Health: -9/38      AC: 12    Str: 22    XL:     6   Next: 19%
Magic:  6/6        EV:  9    Int:  8    God:
Gold:   153        SH:  4    Dex:  9    Spells: 5/5 levels left

rFire   . . .      SeeInvis .    Y - +2 war axe
rCold   . . .      Faith    .    c - +0 buckler
rNeg    + . .      Spirit   .    b - +0 scale mail
rPois   inf        Reflect  .    (no helmet)
rElec   +          Harm     .    (no cloak)
rCorr   .          Rampage  .    f - +0 pair of gloves
Will    .....                    (no boots)
Stlth   ..........               (no amulet)
HPRegen 0.12/turn                (no ring)
MPRegen 0.10/turn                (no ring)

@: no status effects
A: sickness immunity, AC +4, negative energy resistance 1, electricity
resistance, torment resistance 1, petrification resistance
a: no special abilities


You were on level 4 of the Dungeon.
You visited 1 branch of the dungeon, and saw 4 of its levels.

You collected 153 gold pieces.


Innate Abilities, Weirdness & Mutations

You are immune to sickness and miasma.
Your stone body is resilient. (AC +4)
You are immune to poison.
You resist negative energy. (rN+)
You are resistant to electric shocks. (rElec)
You are resistant to unholy torment.
You are immune to petrification.


   Skills:
 - Level 4.2 Fighting
 + Level 5.0 Axes
 - Level 3.2 Armour
 - Level 1.2 Dodging
 - Level 3.2 Shields


You had 5 spell levels left.
You didn't know any spells.
Your spell library was empty.

Inventory:

Hand Weapons
 l - a +0 flail
 Y - a +2 war axe (weapon)
Armour
 b - a +0 scale mail (worn)
 c - a +0 buckler (worn)
 f - a +0 pair of gloves (worn)
 g - a +0 chain mail
Jewellery
 k - a +6 ring of dexterity
Scrolls
 a - 4 scrolls of teleportation
 e - 2 scrolls of identify
 i - a scroll of amnesia {unknown}
Potions
 d - 2 potions of might
 h - a potion of flight {unknown}
 j - a potion of curing {unknown}

Dungeon Overview and Level Annotations

Branches:
Dungeon (4/15)
 Temple: D:4-7

Altars:
Cheibriados
Hepliaklqana
Makhleb
Qazlal
Wu Jian


Message History

The hound barks!
You slash the hound!
The hound is severely wounded.
The hound bites you but does no damage. x2
You barely miss the hound.
The hound is severely wounded.
The hound bites you but does no damage. The hound bites you.
You hit the hound.
The hound is almost dead.
The hound bites you but does no damage. The hound barely misses you.
You barely miss the hound.
The hound is almost dead.
The hound bites you but does no damage. x2
You closely miss the hound.
The hound is almost dead.
The hound barely misses you. The hound completely misses you.
You slash the hound!
You kill the hound!
Your Dodging skill increases to level 1!
You start resting.
HP restored.
3400 ||| DROPPING +0 club.
You drop a +0 club.
k - a +6 ring of dexterity
Enter note: An ogre comes into view. It is wielding a +0 giant club.
The ogre shouts!
The ogre moves out of view.
You slash the ogre!
The ogre is moderately wounded.
The ogre barely misses you.
You hit the ogre but do no damage.
The ogre is moderately wounded.
The ogre hits you with a +0 giant club!!
Ouch! That really hurt!
A kobold comes into view. It is wielding a +0 short sword.
You hit the ogre.
The ogre is moderately wounded.
The ogre hits you with a +0 giant club!!
Ouch! That really hurt!
You die...

#......... ..#
#.K......# ....
#........##.... #.
.......#..... #...
............ ## ##.....
.##..........
.#........#.##.O........
##..........##..@.......
.#.......... #....#.#...
....#......###...###
|...#..............#
......................
.##.#..............#...
##.##..#...#......## ..
#.........##....#.# .
..###.........##....


You could see an ogre and a kobold.

Vanquished Creatures
  A phantom (D:3)
  A scorpion (D:4)
  A hound (D:4)
  4 adders
  An adder zombie (D:2)
  A worm (D:2)
  2 dart slugs
  An orc (D:3)
  A bat (D:2)
  A bat skeleton (D:2)
  2 endoplasms (D:1)
  3 giant cockroaches
  9 goblins
  8 hobgoblins
  2 quokkas
  5 ball pythons
  A frilled lizard (D:3)
  A jackal skeleton (D:2)
  4 kobolds
  5 rats
54 creatures vanquished.

Vanquished Creatures (others)
  3 withered plants (D:2)
3 creatures vanquished.

Grand Total: 57 creatures vanquished

Notes
Turn   | Place    | Note
-------+----------+-------------------------------------------
     0 | D:1      | qw the Gargoyle Fighter began the quest for the Orb.
     0 | D:1      | Reached XP level 1. HP: 14/14 MP: 1/1
     0 | D:1      | 0 ||| qw: Version: 0.2-a-12-gaebbb33
     0 | D:1      | 0 ||| qw: Game counter: 831
     0 | D:1      | 0 ||| qw: Always use a shield: true
     0 | D:1      | 0 ||| qw: God list: Okawaru
     0 | D:1      | 0 ||| qw: Allow faded altars: false
     0 | D:1      | 0 ||| qw: Do Orc after D:15 true
     0 | D:1      | 0 ||| qw: Do second Lair branch before Depths: true
     0 | D:1      | 0 ||| qw: Lair rune preference: random
     0 | D:1      | 0 ||| qw: Plans: Normal, Zot:1-4, God:TSO, Crypt, Tomb,
                  | Pan, Slime:5, Hells, Abyss, Orb
     0 | D:1      | 0 ||| PLANNING D:1-11
   189 | D:1      | Reached skill level 2 in Axes
   533 | D:1      | Reached XP level 2. HP: 18/19 MP: 2/2
   842 | D:1      | 842 ||| Stepping ~*~*~tactically~*~*~ (stealth).
   844 | D:1      | 844 ||| Stepping ~*~*~tactically~*~*~ (stealth).
   851 | D:1      | 851 ||| Stepping ~*~*~tactically~*~*~ (stealth).
   858 | D:1      | 858 ||| Stepping ~*~*~tactically~*~*~ (stealth).
   993 | D:1      | 993 ||| UPGRADING to +0 pair of gloves.
   998 | D:1      | 998 ||| READING 4 scrolls labelled YCA ETHROICEU.
  1002 | D:1      | 1002 ||| READING scroll labelled ICKETZE BEDWA.
  1003 | D:1      | 1003 ||| READING scroll labelled QYL AGRURCHOZ.
  1004 | D:1      | 1004 ||| READING scroll labelled GOIREY RIYSE.
  1005 | D:1      | 1005 ||| READING scroll labelled WEAD TIMONESARR.
  1006 | D:1      | 1006 ||| READING scroll labelled DESHIZX IMEK.
  1079 | D:2      | Reached skill level 3 in Axes
  1079 | D:2      | Reached XP level 3. HP: 23/23 MP: 3/3
  1460 | D:2      | Reached XP level 4. HP: 28/28 MP: 4/4
  1502 | D:2      | Reached skill level 4 in Axes
  1514 | D:2      | Found an ornate altar of the Wu Jian Council.
  1681 | D:2      | Found a faded altar of an unknown god.
  2182 | D:2      | 2182 ||| READING scroll labelled FUROBE CUNWUSA.
  2183 | D:2      | 2183 ||| READING scroll labelled KAYTAPT MOUZAU.
  2184 | D:2      | 2184 ||| READING scroll labelled PIFUM YFICEN.
  2185 | D:2      | 2185 ||| DRINKING 2 metallic coppery potions.
  2286 | D:2      | 2286 ||| DROPPING potion of ambrosia.
  2525 | D:3      | 2525 ||| Stepping ~*~*~tactically~*~*~ (hiding).
  2624 | D:3      | Noticed a phantom
  2640 | D:3      | Killed a phantom
  2641 | D:3      | Reached XP level 5. HP: 17/32 MP: 5/5
  2918 | D:3      | Found a stormy altar of Qazlal.
  2922 | D:3      | Found a snail-covered altar of Cheibriados.
  2925 | D:3      | Found a burning altar of Makhleb.
  2925 | D:3      | Found a hazy altar of Hepliaklqana.
  2932 | D:3      | Found an ornate altar of the Wu Jian Council.
  3178 | D:3      | 3178 ||| READING 2 scrolls of identify.
  3178 | D:3      | 3178 ||| IDENTIFYING silvery potion
  3179 | D:3      | 3179 ||| DROPPING potion of brilliance.
  3197 | D:4      | 3197 ||| STAIRDANCE
  3218 | D:4      | Reached skill level 5 in Axes
  3288 | D:4      | 3288 ||| READING scroll of enchant weapon.
  3288 | D:4      | 3288 ||| ENCHANTING +1 war axe.
  3322 | D:4      | Reached XP level 6. HP: 38/38 MP: 6/6
  3368 | D:4      | Reached skill level 1 in Dodging
  3400 | D:4      | 3400 ||| DROPPING +0 club.
  3421 | D:4      | Mangled by an ogre

Levels and vault maps discovered:
D:1:      zelgadis_glass_arrival_small, layout_basic
D:2:      layout_basic, basic_altar, serial_undead, serial_undead_b,
          serial_undead_e, serial_undead_a, serial_undead_d,
          ebering_ecumenical_altar_abandoned, uniq_crazy_yiuf_cottage
D:3:      layout_basic, nicolae_overflow_hallway_of_the_gods
D:4:      layout_cave_pools

Skill      XL: |  1  2  3  4  5  6 |
---------------+-------------------+-----
Axes           | 2 3 4 5 |  5.0
Fighting       | 4 |  4.2
Dodging        | 1 |  1.2
Armour         | |  3.2
Shields        | |  3.2

Action                   |  1- 3 |  4- 6 || total
-------------------------+-------+-------++-------
Melee: War axe           |    86 |    95 ||   181
  Use: Scroll            |     6 |     5 ||    11
       Potion            |       |     1 ||     1
Armor: Scale mail        |    40 |    53 ||    93
Dodge: Dodged            |    32 |    33 ||    65
Block: Buckler           |    11 |     8 ||    19

Table legend:
 A = Non-vault XP
 B = Vault XP
 C = Vault XP percentage of total XP
 D = Non-vault monster count
 E = Vault monster count
 F = Vault count percentage of total count
                 A         B        C        D         E       F
            +---------+---------+-------+---------+---------+-------
      Total |     367 |       9 |   2.4 |      51 |       3 |   5.6
            +---------+---------+-------+---------+---------+-------
        D:1 |      22 |       0 |   0.0 |      13 |       0 |   0.0
        D:2 |      76 |       9 |  10.6 |      21 |       3 |  12.5
        D:3 |     117 |       0 |   0.0 |       9 |       0 |   0.0
        D:4 |     152 |       0 |   0.0 |       8 |       0 |   0.0
            +---------+---------+-------+---------+---------+-------
